AoeStats
← nesliq9028

Arena

504772140Analyzed
2v2 RM · 27d ago on Sep 6, 2026· 40m 26s· 4 players
Game mode
Random Map
Map size
Medium (4 player)
Population
200
Speed
Normal
Resources
Standard
Victory
Conquest
Starting age
Dark Age
Ending age
Imperial Age
RankedLock teamsTeams togetherTeam positionsShared explorationLock speedFull tech treeHidden civsTurbo modeCheats
Victory
Defeat
🇹🇷 Ethiopians · Türkiye
879
+13
🇹🇷 Turks · Türkiye
879
+13
🇦🇷 Magyars · Argentina
857
-41
🇺🇸 Spanish · United States
766
-11
olivercid.24
10:21 Feudal Age
17:53 Castle Age
19:45 Double-Bit Axe
22:41 Man-at-Arms
35:33 Elite Skirmisher
36:46 Fletching
38:45 Bow Saw
39:12 Wheelbarrow
39:13 Long Swordsman
39:58 Bodkin Arrow
PACHI2220
7:40 Loom
9:46 Feudal Age
10:17 Double-Bit Axe
10:25 Town Watch
11:45 Wheelbarrow
10:59 Horse Collar
14:59 Gold Mining
22:49 Castle Age
21:46 Scale Barding Armor
21:32 Fletching
21:43 Padded Archer Armor
21:44 Scale Mail Armor
21:40 Stone Mining
22:06 Bloodlines
23:51 Husbandry
24:06 Bodkin Arrow
27:54 Heavy Plow
28:08 Bow Saw
30:39 Leather Archer Armor
30:45 Chain Barding Armor
30:42 Chain Mail Armor
31:22 Gold Shaft Mining
36:00 Thumb Ring
36:52 Corvinian Army
37:51 Ballistics
40:31 Imperial Age
nesliq9028
0:59 Loom
12:30 Feudal Age
13:52 Wheelbarrow
13:06 Double-Bit Axe
19:53 Castle Age
18:56 Stone Mining
24:09 Scale Barding Armor
36:19 Imperial Age
CANAVAR
3:53 Loom
13:10 Feudal Age
14:36 Wheelbarrow
14:46 Double-Bit Axe
18:19 Gold Mining
20:56 Castle Age
18:52 Stone Mining
20:37 Fletching
21:34 Padded Archer Armor
22:36 Hand Cart
22:53 Crossbowman
23:33 Bodkin Arrow
24:27 Bow Saw
24:25 Town Watch
25:39 Gold Shaft Mining
26:33 Ballistics
28:56 Elite Skirmisher
29:41 Thumb Ring
29:48 Thumb Ring
31:59 Town Patrol
32:38 Leather Archer Armor
33:05 Horse Collar
34:19 Murder Holes
34:36 Masonry
40:33 Imperial Age
Connection lost

Rejoining the realm…

Still unreachable

The connection could not be restored.

Session expired

The server has moved on; the page needs a fresh start.